AoeStats
← D.M.G.

Fortress

510419051Analyzed
1v1 RM · 2d ago on Sep 30, 2026· 48m 31s· 2 players
Game mode
Random Map
Map size
Small (3 player)
Population
200
Speed
Normal
Resources
Standard
Victory
Conquest
Starting age
Dark Age
Ending age
Imperial Age
RankedLock teamsTeams togetherTeam positionsShared explorationLock speedFull tech treeHidden civsTurbo modeCheats
Victory
Defeat
🇹🇷 Malians · Türkiye
961
+15
🇨🇱 Vietnamese · Chile
949
-15
adrianovcb
4:52 Loom
9:04 Feudal Age
12:55 Castle Age
11:03 Horse Collar
11:09 Double-Bit Axe
11:28 Gold Mining
14:22 Wheelbarrow
14:04 Bow Saw
14:15 Heavy Plow
18:32 Town Watch
19:32 Padded Archer Armor
20:39 Treadmill Crane
21:20 Hand Cart
22:06 Ballistics
24:48 Sanctity
24:57 Fletching
25:30 Leather Archer Armor
29:51 Imperial Age
27:53 Town Patrol
28:34 Scale Barding Armor
28:40 Forging
28:25 Bodkin Arrow
29:10 Husbandry
29:20 Bloodlines
29:01 Elite Skirmisher
30:56 Paper Money
30:43 Chatras
30:08 Imperial Skirmisher
32:25 Two-Man Saw
31:21 Stone Mining
32:56 Chemistry
31:52 Murder Holes
32:08 Masonry
33:19 Crop Rotation
33:28 Thumb Ring
35:25 Hoardings
36:00 Chain Barding Armor
36:11 Ring Archer Armor
35:21 Crossbowman
36:05 Arbalester
42:28 Elite Rattan Archer
45:49 Iron Casting
45:29 Bracer
D.M.G.
3:44 Loom
10:00 Feudal Age
13:41 Castle Age
11:30 Double-Bit Axe
11:28 Horse Collar
11:43 Stone Mining
11:45 Gold Mining
15:20 Wheelbarrow
14:31 Town Watch
14:50 Heavy Plow
15:49 Bow Saw
26:31 Imperial Age
25:12 Hand Cart
25:59 Husbandry
26:12 Bloodlines
25:22 Light Cavalry
26:34 Forging
26:30 Scale Barding Armor
26:15 Fletching
27:38 Town Patrol
27:05 Heavy Camel Rider
27:08 Cavalier
28:26 Iron Casting
28:40 Conscription
28:39 Farimba
31:23 Chain Barding Armor
42:11 Capped Ram
44:58 Plate Barding Armor
47:47 Chemistry
47:07 Ballistics
Connection lost

Rejoining the realm…

Still unreachable

The connection could not be restored.

Session expired

The server has moved on; the page needs a fresh start.